 Dungeon Crawl Stone Soup version 0.17-a0-125-g34d91a1 (webtiles) character file.

87 Ngotmuk the Shield-Bearer (level 4, -8/42 HPs)
             Began as a Deep Dwarf Fighter on Mar 23, 2015.
             Killed by nerve-wracking pain
             ... invoked by Jessica
              (10 damage)
             ... on level 3 of the Dungeon.
             The game lasted 00:04:23 (1377 turns).

Ngotmuk the Shield-Bearer (Deep Dwarf Fighter)      Turns: 1377, Time: 00:04:23

Health: -8/42      AC:  6    Str: 20    XL:     4   Next: 28%
Magic:  4/4        EV:  8    Int:  9    God:
Gold:   136        SH:  9    Dex: 12    Spells: 0 memorised, 3 levels left

rFire  . . .     SeeInvis .     a - +0 flail
rCold  . . .     Clarity  .     b - +0 scale mail
rNeg   . . .     SustAb   .     c - +0 shield
rPois  .         Gourm    .     (no helmet)
rElec  .         Spirit   .     (no cloak)
rCorr  .         Warding  .     (no gloves)
rMut   .         Stasis   .     (no boots)
MR     .....                    (no amulet)
Stlth  ..........               (no ring)
                                (no ring)

@: non-regenerating, not resistant to hostile enchantments, extremely unstealthy
A: damage resistance, recharge devices, sense surroundings 1, slow healing 3
a: Device Recharging


You were on level 3 of the Dungeon.
You were hungry.

You visited 1 branch of the dungeon, and saw 3 of its levels.

You collected 136 gold pieces.

Inventory:

Hand weapons
 a - a +0 flail (weapon)
Armour
 b - a +0 scale mail (worn)
 c - a +0 shield (worn)
Magical devices
 d - a wand of heal wounds (4)
Scrolls
 k - 2 scrolls of teleportation {unknown}
 l - a scroll of amnesia {unknown}
 o - a scroll of remove curse {unknown}
 q - 2 scrolls of enchant armour {unknown}
 r - a scroll of immolation {unknown}
 t - 3 scrolls of identify {unknown}
 u - a scroll of blinking {unknown}
Potions
 e - a potion of might
 g - 2 potions of lignification {unknown}
 h - 3 potions of haste {unknown}
 i - 2 potions of brilliance {unknown}
 n - a potion of curing {unknown}
 p - a potion of mutation {unknown}
 s - a potion of cure mutation {unknown}
Comestibles
 f - 4 bread rations
 j - a beef jerky
 m - a fruit
 v - 2 meat rations
 w - a slice of pizza


   Skills:
 + Level 3.1 Fighting
 * Level 2.8 Maces & Flails
 + Level 3.4 Armour
 + Level 2.1 Dodging
 + Level 3.8 Shields


You had 3 spell levels left.
You didn't know any spells.

Dungeon Overview and Level Annotations

Branches:
Dungeon (3/15)

Altars:
Elyvilon
Zin
The Shining One

Annotations:
D:3 Jessica


Innate Abilities, Weirdness & Mutations

You are resistant to damage.
You can recharge devices by infusing magical energy.
You passively map a small area around you.
You do not heal naturally.


Message History

You struggle to resist.
Jessica points at you and mumbles some strange words.
Pain shoots through your body!
* * * LOW HITPOINT WARNING * * *
You hit Jessica.
Jessica is moderately wounded.
Jessica points at you and mumbles some strange words.
Pain shoots through your body!
* * * LOW HITPOINT WARNING * * *
You closely miss Jessica.
Jessica is moderately wounded.
Jessica hits you with a dagger.
* * * LOW HITPOINT WARNING * * *
Jessica says, "Why did you come here?" Jessica hits you but does no damage.
Your shield prevents you from hitting Jessica.
Jessica is moderately wounded.
Jessica casts a spell at you. Pain shoots through your body!
You die...

...........#,. #####... *
*.#####......############...
,,
............#.......#.....#
...........................
.###.####†##.......#.....# *
#., ##.##.......#.....# # ,
#...############### ,*#...#
#. **#.@.# #) * *##@## #. ,
#.# #. * * #.#** #. * ...,
#. * ... #. ..., #. ..... *
* * ###. ... , #..†


You could see Jessica.

Vanquished Creatures
  A gnoll (D:1)
  2 adders
  3 worms
  A giant gecko (D:1)
  6 bats
  5 hobgoblins
  2 jackals (D:1)
  7 kobolds
  A quokka (D:2)
  A ball python (D:2)
  4 giant cockroaches
  A giant newt (D:1)
  3 goblins
  6 rats
  A bush (D:1)
44 creatures vanquished.

Notes
Turn   | Place    | Note
--------------------------------------------------------------
     0 | D:1      | Ngotmuk, the Deep Dwarf Fighter, began the quest for the Orb.
     0 | D:1      | Reached XP level 1. HP: 20/20 MP: 1/1
   249 | D:1      | Reached XP level 2. HP: 25/27 MP: 2/2
   365 | D:1      | HP: 1/27 [gnoll/spear (5)]
   381 | D:1      | Reached skill level 1 in Dodging
   586 | D:1      | Reached XP level 3. HP: 30/33 MP: 3/3
  1251 | D:3      | Reached XP level 4. HP: 17/42 MP: 4/4
  1307 | D:3      | Found a glowing golden altar of the Shining One.
  1312 | D:3      | Found a glowing silver altar of Zin.
  1313 | D:3      | Found a white marble altar of Elyvilon.
  1364 | D:3      | Noticed Jessica
  1376 | D:3      | HP: 2/42 [Jessica/dagger (1)]
  1377 | D:3      | Killed from afar by Jessica

Action                   |  1- 3 |  4- 6 || total
-------------------------+-------+-------++-------
Melee: Flail             |   229 |    26 ||   255
Evoke: Wand              |     1 |       ||     1
  Eat: Fruit             |     2 |       ||     2
